 Dungeon Crawl Stone Soup version 0.21.1-1-g345015fe64 (webtiles) character file.

7585 Ingvold the Cleaver (level 11, -4/97 HPs)
             Began as a Hill Orc Fighter on May 31, 2018.
             Was a Believer of Okawaru.
             Slain by Tali's ghost (16 damage)
             ... on level 9 of the Dungeon.
             The game lasted 00:34:21 (9954 turns).

Ingvold the Cleaver (Hill Orc Fighter)              Turns: 9954, Time: 00:34:21

Health: -4/97      AC: 18    Str: 30    XL:     11   Next: 17%
Magic:  12/12      EV:  7    Int: 14    God:    Okawaru [**....]
Gold:   342        SH: 12    Dex: 10    Spells: 10/10 levels left

rFire    x . .     SeeInvis .   s - +8 falchion of Hatred {drain, rF- Str+7 Int+6}
rCold    . . .     Gourm    .   c - +0 shield
rNeg     . . .     Faith    +   z - +0 plate armour
rPois    .         Spirit   .   d - +1 hat
rElec    .         Reflect  .   (no cloak)
rCorr    +         Harm     .   k - +0 pair of gloves
MR       .....                  x - +0 pair of boots
Stlth    ..........             n - amulet of faith
HPRegen  0.26/turn              o - ring of flight
MPRegen  0.13/turn              A - ring of resist corrosion

@: no status effects
A: no striking features
a: Heroism, Renounce Religion, Evoke Flight


You were on level 9 of the Dungeon.
You worshipped Okawaru.
Okawaru was pleased with you.
You were hungry.

You visited 2 branches of the dungeon, and saw 10 of its levels.

You collected 342 gold pieces.

Inventory:

Hand Weapons
 a - a +0 war axe
 s - the +8 falchion of Hatred (weapon) {drain, rF- Str+7 Int+6}
   (You took it off an orc on level 9 of the Dungeon)

   A truly terrible weapon, it drains the life of those it strikes.
   It affects your strength (+7).
   It affects your intelligence (+6).
   It makes you vulnerable to fire.
 v - the +3 flail "Jeffan" {flame, *Corrode rPois Dex+10}
   (You took it off an orc on level 9 of the Dungeon)

   It has been specially enchanted to burn those struck by it, causing extra
   injury to most foes and up to half again as much damage against particularly
   susceptible opponents.
   It affects your dexterity (+10).
   It protects you from poison.
   It may corrode you when you take damage.
Armour
 c - a +0 shield (worn)
 d - a +1 hat (worn)
 k - a +0 pair of gloves (worn)
 x - a +0 pair of boots (worn)
 y - a +0 chain mail
 z - a +0 plate armour (worn)
Jewellery
 h - an uncursed amulet of guardian spirit
 m - an uncursed ring of magical power
 n - an amulet of faith (around neck)
 o - a ring of flight (left hand)
 A - a ring of resist corrosion (right hand)
Wands
 p - a wand of polymorph (5)
Scrolls
 e - 4 scrolls of remove curse
 i - 2 scrolls of random uselessness {unknown}
 j - a scroll of teleportation
 l - 4 scrolls of identify
 q - a scroll of magic mapping
 r - a scroll of enchant armour {unknown}
Potions
 b - a potion of might
 g - 2 potions of brilliance
 t - a potion of degeneration
 u - 2 potions of cancellation
Comestibles
 f - 21 rations
 w - 3 chunks of flesh


   Skills:
 + Level 9.0 Fighting
 * Level 13.2 Axes
 * Level 9.3 Armour
 * Level 9.4 Shields
 + Level 2.1 Invocations
 + Level 1.5 Evocations


You had 10 spell levels left.
You didn't know any spells.

Dungeon Overview and Level Annotations

Branches:
Dungeon (9/15)             Temple (1/1) D:5            Lair (0/6) D:8
    Orc: D:9-12

Altars:
Ashenzari
Cheibriados
Dithmenos
Elyvilon
Fedhas
Gozag
Hepliaklqana
Kikubaaqudgha
Makhleb
Nemelex Xobeh
Okawaru
Qazlal
Ru
Sif Muna
Trog
Uskayaw
Vehumet
Wu Jian
Xom
Yredelemnul
Zin
The Shining One

Shops:
D:4 (:   D:5 :

Annotations:
D:9 Tali's ghost, novice MiFi


Message History

Tali's ghost yells, "Who would have thought, even in death it is a pleasure to sever!"
You block Tali's ghost's attack.
You hit Tali's ghost.
Tali's ghost is severely damaged.
Tali's ghost hits you!
* * * LOW HITPOINT WARNING * * *
Tali's ghost hits you!
* * * LOW HITPOINT WARNING * * *
You slash Tali's ghost!
Tali's ghost is almost destroyed.
Tali's ghost hits you but does no damage.
Your shield prevents you from hitting Tali's ghost.
Tali's ghost is almost destroyed.
You block Tali's ghost's attack.
You closely miss Tali's ghost.
Tali's ghost is almost destroyed.
Tali's ghost hits you!
* * * LOW HITPOINT WARNING * * *
Tali's ghost hits you!
You die...

#..........#...#.#..#
#####(######..#.#...#
#.)(.# #..##.#..
####)####......
#...###.... ##' ###..#
#''##..... ##(#
#h'.......
#########'###W#.......
#..........##@#.W.....
#..........##.#...$...
#.<........##.#.......
#.........>'..#..>....
####..........####.......
...#..........# .......
##.#..........#
#.'.>........#
###..........#


You could see a hound and Tali's ghost.

Vanquished Creatures
  Erica (D:8)
  2 two-headed ogres
  The ghost of koorschki the Firebug, a novice DsFE (D:6)
  The ghost of Gargoyl the Skirmisher, a novice CeAK of Lugonu (D:4)
  2 trolls
  A hippogriff (D:7)
  A spriggan (D:7)
  A wyvern (D:8)
  A hungry ghost (D:7)
  3 orc warriors
  3 sky beasts
  A swamp drake (D:8)
  8 ogres
  2 wolves (D:7)
  3 centaurs (D:8)
  6 bullfrogs
  A wyvern skeleton (D:9)
  A scorpion (D:7)
  2 jellies
  8 killer bees
  3 wights (D:7)
  A crimson imp (D:5)
  2 centaur skeletons
  4 orc priests
  8 hounds
  2 bullfrog skeletons
  3 iguanas
  5 worker ants
  5 orc wizards
  A worker ant zombie (D:9)
  A howler monkey zombie (D:4)
  10 adders
  11 gnolls
  A river rat (D:8)
  2 oozes
  An adder skeleton (D:8)
  5 worms
  4 leopard geckos
  30 orcs
  6 bats
  5 giant cockroaches
  4 goblins
  8 hobgoblins
  9 jackals
  5 kobolds
  2 quokkas
  A ball python (D:6)
  5 frilled lizards
  A quokka zombie (D:5)
  4 rats
198 creatures vanquished.

Vanquished Creatures (others)
  An adder (D:8)
  An orc (D:8)
2 creatures vanquished.

Grand Total: 200 creatures vanquished

Notes
Turn   | Place    | Note
-------+----------+-------------------------------------------
     0 | D:1      | Ingvold the Hill Orc Fighter began the quest for the Orb.
     0 | D:1      | Reached XP level 1. HP: 19/19 MP: 1/1
   108 | D:1      | Reached XP level 2. HP: 27/27 MP: 2/2
   309 | D:1      | Reached skill level 3 in Axes
   503 | D:2      | Reached XP level 3. HP: 33/33 MP: 3/3
   596 | D:2      | Found a bloodstained altar of Trog.
   771 | D:2      | Reached skill level 4 in Axes
   805 | D:2      | Reached XP level 4. HP: 29/40 MP: 4/4
   919 | D:2      | Found a sacrificial altar of Ru.
  1342 | D:3      | Reached XP level 5. HP: 45/47 MP: 5/5
  1377 | D:3      | Reached skill level 5 in Axes
  1676 | D:3      | Reached XP level 6. HP: 53/53 MP: 6/6
  1709 | D:3      | Found a shadowy altar of Dithmenos.
  1837 | D:3      | Found a radiant altar of Vehumet.
  1944 | D:4      | Reached skill level 6 in Axes
  2069 | D:4      | Found Unakhle's Weapon Shoppe.
  2353 | D:4      | Reached skill level 5 in Fighting
  2702 | D:4      | Found Vuluddeana's Book Boutique.
  2880 | D:4      | Noticed Gargoyl's ghost (novice CeAK)
  2914 | D:4      | Killed Gargoyl's ghost
  2914 | D:4      | Reached skill level 7 in Axes
  2914 | D:4      | Reached skill level 5 in Armour
  2914 | D:4      | Reached skill level 5 in Shields
  2914 | D:4      | Reached XP level 7. HP: 28/61 MP: 7/7
  3151 | D:5      | Entered Level 5 of the Dungeon
  3293 | D:5      | Reached skill level 8 in Axes
  3293 | D:5      | Reached XP level 8. HP: 67/70 MP: 8/8
  3672 | D:5      | Reached skill level 9 in Axes
  3703 | D:5      | Found a staircase to the Ecumenical Temple.
  3712 | Temple   | Entered the Ecumenical Temple
  4164 | D:5      | Found Cozic's Book Shop.
  4353 | D:6      | Noticed koorschki's ghost (novice DsFE)
  4377 | D:6      | Killed koorschki's ghost
  4377 | D:6      | Reached XP level 9. HP: 38/78 MP: 8/9
  4383 | D:6      | Reached skill level 10 in Axes
  4766 | D:6      | Found a glowing golden altar of the Shining One.
  5641 | D:8      | Noticed Erica
  5868 | D:6      | Reached skill level 11 in Axes
  6559 | D:8      | Noticed a troll
  6796 | D:7      | Reached XP level 10. HP: 76/88 MP: 10/10
  7190 | D:7      | Reached skill level 12 in Axes
  7442 | D:8      | Found a glowing silver altar of Zin.
  7442 | D:8      | Found a shimmering altar of Xom.
  7443 | D:8      | Noticed an angel
  7508 | D:8      | Killed Erica
  7721 | D:8      | Found an iron altar of Okawaru.
  7729 | D:8      | Became a worshipper of Warmaster Okawaru
  7757 | D:8      | Found a deep blue altar of Sif Muna.
  7796 | D:8      | Found a stormy altar of Qazlal.
  7797 | D:8      | Found an opulent altar of Gozag.
  7797 | D:8      | Found a white marble altar of Elyvilon.
  7800 | D:8      | Noticed a two-headed ogre
  7807 | D:8      | Found a hide-covered altar of Uskayaw.
  7813 | D:8      | Found an ornate altar of the Wu Jian Council.
  7906 | D:8      | Killed a two-headed ogre
  7906 | D:8      | Reached * piety under Okawaru
  9043 | D:8      | Found a staircase to the Lair.
  9314 | D:8      | Reached skill level 13 in Axes
  9474 | D:8      | Reached ** piety under Okawaru
  9520 | D:9      | Reached skill level 1 in Invocations
  9676 | D:9      | Reached XP level 11. HP: 69/95 MP: 11/11
  9729 | D:9      | Got a shimmering falchion {drain}
  9731 | D:9      | Got a jewelled flail {flame}
  9734 | D:9      | Identified the +8 falchion of Hatred {drain, rF- Str+7 Int+6} (You took it off an orc on level 9 of the Dungeon)
  9735 | D:9      | Identified the +3 flail "Jeffan" {flame, *Corrode rPois Dex+10} (You took it off an orc on level 9 of the Dungeon)
  9759 | D:9      | Reached skill level 1 in Evocations
  9904 | D:9      | Noticed a two-headed ogre
  9915 | D:9      | Killed a two-headed ogre
  9920 | D:9      | Noticed Tali's ghost (novice MiFi)
  9954 | D:9      | Slain by Tali's ghost

Skill      XL: |  1  2  3  4  5  6  7  8  9 10 11 |
---------------+----------------------------------+-----
Axes           | 3 4 5 7 8 9 11 13 | 13.2
Fighting       | 4 5 6 7 8 9 |  9.0
Shields        | 4 5 6 7 9 |  9.4
Armour         | 4 5 6 7 9 |  9.3
Invocations    | 1 2 |  2.1
Evocations     | 1 |  1.5

Action                   |  1- 3 |  4- 6 |  7- 9 | 10-12 || total
-------------------------+-------+-------+-------+-------++-------
Melee: War axe           |   101 |   189 |   386 |   261 ||   937
       Falchion          |       |       |       |    51 ||    51
Invok: Heroism           |       |       |       |     1 ||     1
Evoke: Wand              |       |       |       |     9 ||     9
  Use: Scroll            |       |     3 |     4 |     2 ||     9
       Potion            |       |       |     1 |    12 ||    13
  Eat: Chunk             |       |     7 |    13 |     9 ||    29
       Ration            |       |       |       |     1 ||     1
Armor: Scale mail        |    55 |    94 |    46 |       ||   195
       Chain mail        |       |       |    81 |       ||    81
       Plate armour      |       |       |    43 |   206 ||   249
       Skin              |       |       |       |    20 ||    20
Dodge: Dodged            |    32 |    67 |   108 |    77 ||   284
Block: Shield            |    52 |   104 |   230 |   226 ||   612
       Rpst.: Falchion   |       |       |       |     5 ||     5
